 Dungeon Crawl Stone Soup version 0.26-a0-491-g70697cc071 (webtiles) character file.

Game seed: 6579189497921744963

133 Gargoyl the Skirmisher (level 5, -1/47 HPs)
             Began as a Gnoll Abyssal Knight on Aug 5, 2020.
             Was a Follower of Lugonu.
             Killed by divine providence
             ... invoked by an orc priest
              (17 damage)
             ... on level 3 of the Dungeon.
             The game lasted 00:01:49 (1324 turns).

Gargoyl the Skirmisher (Gnoll Abyssal Knight)       Turns: 1324, Time: 00:01:49

Health: -1/47      AC:  9    Str: 16    XL:     5   Next: 16%
Magic:  8/8        EV:  5    Int: 14    God:    Lugonu [*.....]
Gold:   135        SH:  8    Dex: 14    Spells: 6/6 levels left

rFire    . . .     SeeInvis .   a - +1 hand axe
rCold    . . .     Faith    .   b - +0 kite shield
rNeg     . . .     Spirit   .   g - +0 chain mail
rPois    .         Reflect  .   (no helmet)
rElec    .         Harm     .   (no cloak)
rCorr    .                      (no gloves)
MR       .....                  (no boots)
Stlth    ..........             (no amulet)
HPRegen  0.15/turn              (no ring)
MPRegen  0.11/turn              (no ring)

@: no status effects
A: distributed training, fangs 1, strong nose
a: Depart the Abyss, Renounce Religion


You were on level 3 of the Dungeon.
You worshipped Lugonu.
Lugonu was aware of your devotion.
You visited 1 branch of the dungeon, and saw 3 of its levels.
You visited the Abyss 1 time.

You collected 135 gold pieces.

Inventory:

Hand Weapons
 a - a +1 hand axe (weapon)
Missiles
 l - 3 boomerangs (quivered)
Armour
 b - a +0 kite shield (worn)
 g - a +0 chain mail (worn)
Scrolls
 c - a scroll of remove curse
 f - a scroll of identify {unknown}
 h - a scroll of fear {unknown}
Potions
 d - a potion of mutation {unknown}
 e - a potion of stabbing {unknown}
 i - a potion of resistance {unknown}
 j - 2 potions of curing {unknown}
 k - 2 potions of magic {unknown}
 m - 2 potions of cancellation {unknown}
 n - a potion of flight {unknown}


   Skills:
 + Level 6.6 Fighting
 + Level 1.4 Short Blades
 + Level 1.4 Long Blades
 + Level 4.7 Axes
 + Level 1.4 Maces & Flails
 + Level 1.4 Polearms
 + Level 1.4 Staves
 + Level 1.4 Slings
 + Level 1.4 Bows
 + Level 1.4 Crossbows
 + Level 1.4 Throwing
 + Level 4.7 Armour
 + Level 2.9 Dodging
 + Level 1.4 Stealth
 + Level 1.4 Shields
 + Level 1.4 Unarmed Combat
 + Level 1.4 Spellcasting
 + Level 1.1 Conjurations
 + Level 1.1 Hexes
 + Level 1.1 Summonings
 + Level 1.1 Necromancy
 + Level 1.1 Translocations
 + Level 1.1 Transmutations
 + Level 1.1 Fire Magic
 + Level 1.1 Ice Magic
 + Level 1.1 Air Magic
 + Level 1.1 Earth Magic
 + Level 1.1 Poison Magic
 + Level 4.8 Invocations
 + Level 1.4 Evocations


You had 6 spell levels left.
You didn't know any spells.
Your spell library was empty.

Dungeon Overview and Level Annotations

Branches:
Dungeon (2/15)

Altars:
Gozag
Okawaru

Annotations:
D:3 Terence


Innate Abilities, Weirdness & Mutations

Your experience applies equally to all skills.
You have very sharp teeth.
Your uncanny sense of smell can sniff out nearby items.


Message History

You see here a club.
The orc hits you with a +0 flail.
A puff of frost appears from out of thin air!
The puff of frost hits you!
That item cannot be evoked!
A puff of flame appears from out of thin air!
You block the puff of flame.
A puff of frost appears from out of thin air!
The puff of frost hits you.
A magic dart appears from out of thin air!
The magic dart hits you.
Found a yellow potion.
The orc priest invokes the aid of Beogh against you.
Beogh smites you!
A puff of flame appears from out of thin air!
The puff of flame hits you.
There is a stone staircase leading down here.
The orc priest invokes the aid of Beogh against you.
Beogh smites you!
You die...

#.# #.#.†).#..o##.##
#.###.##.#...#g....#
....).....#.o.#.##.#
#†##...##...#....#.##
#..##..#...#........#
##.#...(...@.#o..#).#
##.#.#.#...#S##.##..#
.......##.##.o......#
##.###.÷.....o..@...#
#.####..#..##.....##
##...###...[..#.####
#.....#####.#.#.!
............#.##..
........#####.# ##.
........# #. ##
#....(#.# #.
#....)..#


You could see Terence, an orc priest, an adder, 3 orcs and a hobgoblin.

Vanquished Creatures
  An ogre (D:3)
  An adder (D:2)
  An ooze (D:3)
  A worm (D:3)
  3 leopard geckos (D:2)
  A giant cockroach (D:1)
  2 goblins
  6 hobgoblins
  3 bats
  4 frilled lizards
  2 kobolds
  5 rats
30 creatures vanquished.

Notes
Turn   | Place    | Note
-------+----------+-------------------------------------------
     0 | Abyss:1  | Gargoyl the Gnoll Abyssal Knight began the quest for the
                  | Orb.
     0 | Abyss:1  | Reached XP level 1. HP: 23/23 MP: 3/3
    50 | Abyss:1  | Noticed a small abomination
   155 | Abyss:2  | Noticed an ancient zyme
   156 | D:1      | Escaped the Abyss
   315 | D:1      | Reached XP level 2. HP: 22/29 MP: 5/5
   315 | D:1      | Reached * piety under Lugonu
   835 | D:2      | Reached XP level 3. HP: 26/35 MP: 6/6
   950 | D:2      | Found an iron altar of Okawaru.
  1075 | D:2      | You fall into a shaft and drop 1 floor!
  1112 | D:3      | Noticed an ogre
  1124 | D:3      | Killed an ogre
  1124 | D:3      | Reached skill level 1 in Short Blades
  1124 | D:3      | Reached skill level 1 in Long Blades
  1124 | D:3      | Reached skill level 1 in Maces & Flails
  1124 | D:3      | Reached skill level 1 in Polearms
  1124 | D:3      | Reached skill level 1 in Staves
  1124 | D:3      | Reached skill level 1 in Slings
  1124 | D:3      | Reached skill level 1 in Bows
  1124 | D:3      | Reached skill level 1 in Crossbows
  1124 | D:3      | Reached skill level 1 in Throwing
  1124 | D:3      | Reached skill level 1 in Stealth
  1124 | D:3      | Reached skill level 1 in Shields
  1124 | D:3      | Reached skill level 1 in Unarmed Combat
  1124 | D:3      | Reached skill level 1 in Spellcasting
  1124 | D:3      | Reached skill level 1 in Conjurations
  1124 | D:3      | Reached skill level 1 in Hexes
  1124 | D:3      | Reached skill level 1 in Summonings
  1124 | D:3      | Reached skill level 1 in Necromancy
  1124 | D:3      | Reached skill level 1 in Translocations
  1124 | D:3      | Reached skill level 1 in Transmutations
  1124 | D:3      | Reached skill level 1 in Fire Magic
  1124 | D:3      | Reached skill level 1 in Ice Magic
  1124 | D:3      | Reached skill level 1 in Air Magic
  1124 | D:3      | Reached skill level 1 in Earth Magic
  1124 | D:3      | Reached skill level 1 in Poison Magic
  1124 | D:3      | Reached skill level 1 in Evocations
  1124 | D:3      | Reached XP level 4. HP: 27/41 MP: 7/7
  1124 | D:3      | Reached XP level 5. HP: 31/47 MP: 8/8
  1259 | D:3      | Found an opulent altar of Gozag.
  1291 | D:3      | Noticed Terence
  1324 | D:3      | Killed from afar by an orc priest

Illustrated notes

Levels and vault maps discovered:
D:1:      wander_arrival_fairy_ring, layout_rooms, chequers_decorated_corner,
          minmay_tromino_v4_c
D:2:      layout_basic, okawaru_metal_pillars_1_2
D:3:      layout_rooms, elyvilon_altar_3, nicolae_gozag_seed_capital,
          corexii_item_surrounded_by_moat, hangedman_decor_clover_reticule,
          uniq_terence, uniq_crazy_yiuf_cottage

Skill      XL: |  1  2  3 |
---------------+----------+-----
Short Blades   | 1 |  1.4
Long Blades    | 1 |  1.4
Maces & Flails | 1 |  1.4
Polearms       | 1 |  1.4
Staves         | 1 |  1.4
Slings         | 1 |  1.4
Bows           | 1 |  1.4
Crossbows      | 1 |  1.4
Throwing       | 1 |  1.4
Stealth        | 1 |  1.4
Shields        | 1 |  1.4
Unarmed Combat | 1 |  1.4
Spellcasting   | 1 |  1.4
Conjurations   | 1 |  1.1
Hexes          | 1 |  1.1
Summonings     | 1 |  1.1
Necromancy     | 1 |  1.1
Translocations | 1 |  1.1
Transmutations | 1 |  1.1
Fire Magic     | 1 |  1.1
Ice Magic      | 1 |  1.1
Air Magic      | 1 |  1.1
Earth Magic    | 1 |  1.1
Poison Magic   | 1 |  1.1
Evocations     | 1 |  1.4
Fighting       | |  6.6
Axes           | |  4.7
Armour         | |  4.7
Dodging        | |  2.9
Invocations    | |  4.8

Action                   |  1- 3 |  4- 6 || total
-------------------------+-------+-------++-------
Melee: Hand axe          |    61 |    10 ||    71
       Bite              |     3 |     1 ||     4
Invok: Depart the Abyss  |     1 |       ||     1
  Use: Scroll            |     1 |       ||     1
Armor: Ring mail         |     9 |       ||     9
       Chain mail        |    23 |    10 ||    33
Dodge: Dodged            |    15 |     2 ||    17
Block: Kite shield       |    29 |     5 ||    34

Table legend: (Time is in decaauts)
 A = Elapsed time spent in this place.
 B = Non-inter-level travel time spent in this place.
 C = Inter-level travel time spent in this place.
 D = Time resting spent in this place.
 E = Time spent auto-exploring this place.
 F = Levels seen in this place.
 G = Mean time per level.
                   A        B        C        D        E       F      G
               +--------+--------+--------+--------+--------+-----+--------+
         Total |   1335 |   1323 |     12 |    235 |    759 |   5 |  267.0 |
       Dungeon |   1180 |   1168 |     12 |    235 |    642 |   3 |  393.3 |
         Abyss |    155 |    155 |      0 |      0 |    117 |   2 |   77.5 |
               +--------+--------+--------+--------+--------+-----+--------+

Top non-repeatable levels by time:
     D:1: 643 daAuts
     D:2: 284 daAuts
     D:3: 252 daAuts
 Abyss:2: 102 daAuts
 Abyss:1: 53 daAuts
